 Dungeon Crawl Stone Soup version 0.31-a0-358-gac0dbeb3ab (webtiles) character file.

Game seed: 12671579583974868224

93 AdnanSaban the Covered (level 4, -3/29 HPs)
             Began as a Gargoyle Fighter on July 25, 2023.
             Slain by Crazy Yiuf
             ... wielding a +4 quarterstaff of chaos
              (11 damage)
             ... on level 2 of the Dungeon.
             The game lasted 00:02:05 (1931 turns).

AdnanSaban the Covered (Gargoyle Fighter)           Turns: 1931, Time: 00:02:05

Health: -3/29      AC: 13    Str: 22    XL:     4   Next: 61%
Magic:  4/4        EV: 18    Int:  8    God:
Gold:   98         SH:  5    Dex: 15    Spells: 3/3 levels left

rFire   . . .        a - +0 flail
rCold   . . .        c - +0 buckler
rNeg    + . .        l - +0 chain mail
rPois   ∞            (no helmet)
rElec   +            (no cloak)
rCorr   .            (no gloves)
SInv    .            (no boots)
Will    .....        (no amulet) Stlth
                     j - +5 ring of evasion
HPRegen 0.24/turn    k - +6 ring of dexterity
MPRegen 0.09/turn

%: no passive effects
@: agile
A: sickness immunity, AC +3, negative energy resistance 1, electricity
resistance, torment resistance 1, petrification resistance
a: no special abilities


You were on level 2 of the Dungeon.
You visited 1 branch of the dungeon, and saw 2 of its levels.

You collected 98 gold pieces.

Inventory:

Hand Weapons
 a - a +0 flail (weapon)
Missiles
 e - 4 boomerangs (quivered)
 g - 4 poisoned darts
Armour
 c - a +0 buckler (worn)
 l - a +0 chain mail (worn)
Jewellery
 j - a +5 ring of evasion (left hand)
 k - a +6 ring of dexterity (right hand)
Scrolls
 b - a scroll of immolation {unknown}
 f - a scroll of teleportation {unknown}
 h - a scroll of torment {unknown}
Potions
 d - a potion of might
 i - 2 potions of curing {unknown}
 m - a potion of lignification {unknown}


   Skills:
 + Level 3.7 Fighting
 + Level 3.2 Maces & Flails
 + Level 4.0 Armour
 + Level 0.8 Dodging
 + Level 3.6 Shields


You had 3 spell levels left.
You didn't know any spells.
Your spell library contained the following spells:

 Spells                   Type           Power      Damage    Failure   Level
 Ignite Poison            Fire/Tmut/Pois 0%         N/A       100%        3
 Freezing Cloud           Conj/Ice/Air   0%         6-21      100%        5
 Malign Gateway           Summ/Tloc      0%         N/A       100%        7
 Summon Horrible Things   Summ           0%         N/A       100%        8
 Cigotuvi's Dreadful Rot  Necr/Pois/Air  Unusable   N/A       N/A         2

Dungeon Overview and Level Annotations

Branches:
Dungeon (2/15)

Altars:

Annotations:
D:2 Crazy Yiuf


Innate Abilities, Weirdness & Mutations

You are immune to sickness and miasma.
Your stone body is resilient. (AC +3)
You are immune to poison.
You resist negative energy. (rN+)
You are resistant to electric shocks. (rElec)
You are resistant to unholy torment.
You are immune to petrification.


Message History

You open the door.
There is an open door here.
There is a stone staircase leading down here.
There is a fountain of clear blue water here.
The floating eye turns its gaze towards you.
Things that are here:
a +0 whip; a +0 dagger
There is an escape hatch in the floor here.
You see here a +0 robe.
You see here a +0 club.
You see here a +0 club.
You see here a +0 robe.
There is an escape hatch in the floor here.
Things that are here:
a +0 whip; a +0 dagger Crazy Yiuf shouts!
As you open the door, it creaks loudly!
Crazy Yiuf yells, "Trifle water hog!"
You throw a boomerang. The boomerang hits Crazy Yiuf.
Crazy Yiuf is lightly wounded.
You hit Crazy Yiuf but do no damage.
Crazy Yiuf is lightly wounded.
Crazy Yiuf hits you with a +4 quarterstaff of chaos.
You feel agile all of a sudden.
You sock Crazy Yiuf!
Crazy Yiuf is severely wounded.
Crazy Yiuf hits you with a +4 quarterstaff of chaos!
Crazy Yiuf freezes you.
Crazy Yiuf says, "Fluff broken ragdoll!"
Crazy Yiuf completely misses you.
You completely miss Crazy Yiuf.
Crazy Yiuf is severely wounded.
Crazy Yiuf hits you with a +4 quarterstaff of chaos!
* * * LOW HITPOINT WARNING * * *
You are too injured to fight recklessly!
You are too injured to fight recklessly!
You completely miss Crazy Yiuf.
Crazy Yiuf is severely wounded.
Crazy Yiuf hits you with a +4 quarterstaff of chaos!
You die...

..# #.# #.##.# #.# ..# #.#
#.##.# #.# ..# #.# #.##.#
#.# ..####.# ###### #.#
....##.# #.# ....##.# #.#
....##'###♣♣ ### #.#
.........+P♣♣ ♣♣#..)# #.#
..........P.♣♣♣♣@g...#
###.###
..........P..♣..♣#...#
#.....# .........+..♣.♣♣♣
### ###.#####
........##♣♣♣♣♣ #...#
.###....# #.### .#
#....############# ###.# .#
#...............<###.#.# .#
#.....).......)).....#.#
.#####.......'###########.#


You could see Crazy Yiuf.

Vanquished Creatures
  An adder (D:2)
  3 gnolls
  A worm (D:2)
  4 ball pythons
  6 endoplasms
  2 giant cockroaches (D:1)
  2 goblins
  2 hobgoblins (D:1)
  8 jackals
  3 quokkas
  3 bats (D:1)
  4 frilled lizards
  6 kobolds
  4 rats (D:2)
49 creatures vanquished.

Notes
Turn   | Place    | Note
-------+----------+-------------------------------------------
     0 | D:1      | AdnanSaban the Gargoyle Fighter began the quest for the
                  | Orb.
     0 | D:1      | Reached XP level 1. HP: 14/14 MP: 1/1
   372 | D:1      | Reached XP level 2. HP: 19/19 MP: 2/2
   688 | D:1      | Reached XP level 3. HP: 23/23 MP: 3/3
  1252 | D:2      | Noticed a floating eye
  1302 | D:2      | Found a runed translucent door.
  1303 | D:2      | Noticed Crazy Yiuf
  1376 | D:2      | Reached XP level 4. HP: 29/29 MP: 4/4
  1410 | D:2      | Found a faded altar of an unknown god.
  1561 | D:2      | Reached skill level 4 in Armour
  1623 | D:2      | Noticed a shining eye
  1623 | D:2      | Noticed a shining eye
  1623 | D:2      | Noticed a golden eye
  1931 | D:2      | Slain by Crazy Yiuf

Illustrated notes

Levels and vault maps discovered:
D:1:      eino_arrival_tree_alley, layout_basic, minmay_misc_feat_more_columns
D:2:      layout_basic, hellmonk_ecumenical_altar_watching_god,
          chequers_decorated_corner, uniq_crazy_yiuf_cottage

Skill      XL: |  1  2  3  4 |
---------------+-------------+-----
Maces & Flails | 3 |  3.2
Armour         | 4 |  4.0
Fighting       | |  3.7
Dodging        | |  0.8
Shields        | |  3.6

Action                     |  1- 3 |  4- 6 || total
---------------------------+-------+-------++-------
  Melee: Flail             |   148 |    17 ||   165
  Throw: Boomerang         |       |     6 ||     6
 Armour: Scale mail        |    66 |       ||    66
         Chain mail        |     3 |     2 ||     5
  Dodge: Dodged            |   115 |    17 ||   132
  Block: Buckler           |    37 |     4 ||    41

Table legend: (Time is in decaauts)
 A = Elapsed time spent in this place.
 B = Non-inter-level travel time spent in this place.
 C = Inter-level travel time spent in this place.
 D = Time resting spent in this place.
 E = Time spent auto-exploring this place.
 F = Levels seen in this place.
 G = Mean time per level.
                   A        B        C        D        E       F      G
               +--------+--------+--------+--------+--------+-----+--------+
         Total |   1983 |   1907 |     76 |     96 |   1365 |   2 |  991.5 |
       Dungeon |   1983 |   1907 |     76 |     96 |   1365 |   2 |  991.5 |
               +--------+--------+--------+--------+--------+-----+--------+

Top non-repeatable levels by time:
     D:2: 1079 daAuts
     D:1: 904 daAuts
